Map: Lightshade LE

Players

Astrea - Winner!

  • Race: Protoss Protoss

Scarlett

  • Race: Zerg Zerg

Event: DreamHack SC2 Masters 2021 Winter

VOD

Have the link to the VOD?

Description

Time

  • Played on: Oct. 16, 2021, 4:41 p.m.
  • Length: 6:27

All games in this series

Show
View Real Time Build Order
Export as new Build Order

Astrea Protoss - Winner!

Build Orders: 1 Gate Expand, Mass Adepts 

Get SALT Encoding   

  12  0:00  Probe  
  13  0:12  Probe  
  14  0:20  Pylon  
  14  0:24  Probe  
  15  0:38  Probe (Chrono Boost)  
  15  0:40  Gateway  
  16  0:47  Probe (Chrono Boost)  
  17  0:50  Assimilator  
  17  0:52  Probe (Chrono Boost)  
  18  1:04  Probe  
  18  1:07  Pylon  
  19  1:16  Probe  
  20  1:27  Cybernetics Core  
  20  1:36  Nexus  
  20  1:42  Zealot (Chrono Boost)  
  22  1:49  Pylon  
  22  1:52  Probe  
  23  2:05  Warp Gate  
  23  2:07  Adept (Chrono Boost), Probe  
  26  2:12  Assimilator  
  26  2:19  Probe  
  27  2:27  Adept (Chrono Boost)  
  29  2:31  Probe  
  30  2:43  Probe  
  29  2:49  Probe (Chrono Boost)  
  30  2:55  Stalker  
  30  2:57  Twilight Council  
  33  2:59  Probe (Chrono Boost)  
  33  3:00  Pylon  
  33  3:01  Probe (Chrono Boost)  
  34  3:08  Probe (Chrono Boost)  
  34  3:10  Probe (Chrono Boost)  
  36  3:12  Gateway  
  36  3:21  Gateway  
  36  3:23  Probe x2  
  36  3:26  Adept  
  40  3:27  Resonating Glaives (Chrono Boost)  
  40  3:35  Probe x2  
  42  3:47  Probe x2  
  44  3:54  Assimilator  
  44  3:57  Assimilator, Pylon  
  44  3:59  Probe x2  
  46  4:04  Adept  
  46  4:07  Adept  
  50  4:11  Probe  
  50  4:13  Probe  
  50  4:16  Adept, Stargate  
  54  4:23  Pylon  
  55  4:24  Probe  
  55  4:25  Probe  
  55  4:28  Adept  
  55  4:31  Adept  
  60  4:36  Probe  
  61  4:39  Stargate  
  61  4:42  Probe  
  62  4:48  Adept, Probe  
  62  4:49  Adept  
  67  4:54  Pylon  
  67  4:56  Adept  
  69  5:10  Pylon  
  69  5:11  Phoenix (Chrono Boost)  
  65  5:15  Adept x2, Shield Battery  
  65  5:23  Phoenix (Chrono Boost)  
  65  5:27  Phoenix (Chrono Boost)  
  67  5:29  Adept  
  71  5:41  Adept x2  
  75  5:43  Phoenix  
  75  5:44  Pylon  
  75  5:49  Phoenix  
  79  5:57  Shield Battery  
  79  5:58  Shield Battery  
  79  6:00  Adept  
  81  6:05  Pylon  
  81  6:08  Adept  
Show
View Real Time Build Order
Export as new Build Order

Scarlett Zerg 

Build Orders: Pool First 

Get SALT Encoding   

  12  0:00  Drone  
  13  0:12  Overlord  
  13  0:16  Drone  
  14  0:30  Drone x2  
  16  0:42  Spawning Pool  
  15  0:44  Drone  
  15  0:48  Drone  
  17  1:12  Drone  
  17  1:15  Extractor  
  17  1:17  Hatchery  
  16  1:28  Zergling x6  
  19  1:33  Queen  
  21  1:41  Overlord  
  21  1:52  Drone  
  22  2:01  Drone  
  23  2:09  Queen  
  23  2:12  Drone  
  26  2:18  Metabolic Boost  
  26  2:26  Drone  
  26  2:29  Queen  
  29  2:40  Drone  
  29  2:41  Drone x3  
  32  2:48  Drone x3  
  35  3:05  Hatchery  
  34  3:09  Overlord  
  34  3:11  Drone  
  35  3:18  Drone  
  36  3:24  Overlord  
  36  3:29  Drone x5  
  41  3:36  Overlord  
  41  3:37  Drone x3  
  44  3:44  Drone  
  45  3:50  Drone  
  45  3:53  Zergling x6  
  45  3:54  Roach Warren  
  48  3:56  Drone  
  48  3:59  Drone, Extractor  
  49  4:03  Drone  
  49  4:04  Queen  
  49  4:09  Drone  
  54  4:10  Drone, Zergling x4  
  54  4:14  Zergling x2  
  57  4:17  Overlord  
  57  4:26  Zergling x4  
  57  4:28  Spore Crawler  
  57  4:29  Spore Crawler  
  57  4:32  Zergling x4  
  59  4:39  Roach x2  
  59  4:43  Roach x3  
  69  4:45  Extractor  
  69  4:48  Overlord  
  69  4:49  Zergling x4  
  70  4:55  Lair  
  70  4:56  Zergling x6  
  70  4:57  Overlord  
  73  5:14  Zergling x20  
  72  5:17  Zergling x2  
  73  5:23  Zergling x4  
  73  5:24  Zergling x4  
  73  5:25  Ravager x3  
  73  5:27  Zergling x6  
  83  5:29  Zergling x2  
  83  5:30  Zergling x2  
  83  5:34  Overlord  
  85  5:41  Zergling x4  
  85  5:42  Ravager x2  
  89  5:48  Overlord  
  89  5:49  Overlord  
  89  5:50  Zergling x2  
  89  5:53  Overseer  
  89  5:55  Roach x2  
  94  6:01  Zergling x8  

Tags
 
Add a new tag
Caveats
  • Supply blocks, unpowered buildings, or Contaminate may cause inaccurate times.
  • Supply counts are checked every 10 seconds.